 Dungeon Crawl Stone Soup version 0.17.0-28-g6e173f8 (console) character file.

202 Kloppie the Skirmisher (level 5, 0/50 HPs)
             Began as a Centaur Fighter on Nov 25, 2015.
             Was an Initiate of Elyvilon.
             Slain by a worker ant (1 damage)
             ... on level 3 of the Dungeon.
             The game lasted 00:04:56 (4044 turns).

Kloppie the Skirmisher (Centaur Fighter)            Turns: 4044, Time: 00:04:56

Health: 0/50       AC:  6    Str: 23    XL:     5   Next: 50%
Magic:  5/5        EV:  5    Int:  7    God:    Elyvilon [......]
Gold:   104        SH:  8    Dex: 10    Spells: 0 memorised, 4 levels left

rFire  . . .     SeeInvis .     a - +0 war axe
rCold  . . .     Clarity  .     b - +0 scale mail
rNeg   . . .     SustAt   .     c - +0 shield
rPois  .         Gourm    .     (no helmet)
rElec  .         Spirit   .     (no cloak)
rCorr  .         Warding  .     (no gloves)
rMut   .         Stasis   .     (no barding)
MR     .....                    (no amulet)
Stlth  ..........               (no ring)
                                (no ring)

@: mighty, lethally poisoned (0 -> -2), very quick, not resistant to hostile
enchantments, extremely unstealthy
A: hooves 3, deformed body, speed 2, tough skin 3
a: Renounce Religion


You were on level 3 of the Dungeon.
You worshipped Elyvilon.
Elyvilon was noncommittal.
You were not hungry.

You visited 1 branch of the dungeon, and saw 4 of its levels.

You collected 104 gold pieces.

Inventory:

Hand Weapons
 a - a +0 war axe (weapon)
Armour
 b - a +0 scale mail (worn)
 c - a +0 shield (worn)
Jewellery
 o - an uncursed ring of protection from magic {unknown}
Scrolls
 i - 5 scrolls of identify {unknown}
 j - a scroll of blinking {unknown}
 m - a scroll of magic mapping {unknown}
Potions
 d - 2 potions of might
 g - a potion of flight {unknown}
 k - a potion of mutation {unknown}
Comestibles
 e - 2 bread rations
 f - 2 meat rations
 h - a slice of pizza
 l - a beef jerky


   Skills:
 + Level 6.3 Fighting
 - Level 1.7 Axes
 - Level 2.1 Armour
 - Level 2.1 Shields


You had 4 spell levels left.
You didn't know any spells.

Dungeon Overview and Level Annotations

Branches:
Dungeon (4/15)
 Temple: D:4-7

Altars:
Elyvilon
Ru
Trog
Xom

Annotations:
D:3 Grinder


Innate Abilities, Weirdness & Mutations

You have hooves in place of feet.
Armour fits poorly on your strangely shaped body.
You cover ground very quickly.
You have extremely tough skin (AC +3).


Message History

* * * LOW HITPOINT WARNING * * *
The worker ant barely misses you.
You closely miss the worker ant. Your kick misses the worker ant.
The worker ant is heavily wounded.
You feel sick. The worker ant bites you.
* * * LOW HITPOINT WARNING * * *
The worker ant barely misses you.
Drink which item? (? for menu, Esc to quit)
You feel very mighty all of a sudden.
You feel sick. The worker ant bites you.
* * * LOW HITPOINT WARNING * * *
You closely miss the worker ant. Your kick misses the worker ant.
The worker ant is heavily wounded.
The worker ant bites you.
* * * LOW HITPOINT WARNING * * *
You barely miss the worker ant. You kick the worker ant.
The worker ant is severely wounded.
* * * LOW HITPOINT WARNING * * *
You feel sick. The worker ant barely misses you. The worker ant bites you.
You die...

#)# #.l.##.#####. #.#
#...'..#..... #.#
#...##.#..... #.#
#...##.#.....
#.####...##.#.....
#.##.....##.#.....
#.##.######.#.....
#.##.######.#.....
####@)..............<
#####...a)......####....[
#...'...........# #.....
####.###...........# #.....
#..................#######..
#....###.##.#########.......
#.#### #.##.#.####..........
#.# #..............##.#..
#.# ####..............##.#..


You could see a worker ant.

Vanquished Creatures
  7 adders
  4 gnolls
  An ooze (D:1)
  3 worms
  3 giant geckos (D:2)
  8 orcs
  5 giant cockroaches
  13 hobgoblins
  4 jackals
  A ball python (D:2)
  8 bats
  3 giant newts
  9 goblins
  5 kobolds
  9 rats
83 creatures vanquished.

Notes
Turn   | Place    | Note
--------------------------------------------------------------
     0 | D:1      | Kloppie the Centaur Fighter began the quest for the Orb.
     0 | D:1      | Reached XP level 1. HP: 19/19 MP: 1/1
    80 | D:1      | Reached XP level 2. HP: 26/26 MP: 2/2
   374 | D:1      | Reached skill level 4 in Fighting
   509 | D:1      | Reached XP level 3. HP: 30/33 MP: 3/3
  1298 | D:2      | Found a shimmering altar of Xom.
  1524 | D:2      | Found a bloodstained altar of Trog.
  1537 | D:2      | Reached skill level 5 in Fighting
  1537 | D:2      | Reached XP level 4. HP: 40/42 MP: 4/4
  1779 | D:2      | Found a white marble altar of Elyvilon.
  1784 | D:2      | Became a worshipper of Elyvilon the Healer
  1887 | D:3      | Noticed Grinder
  1888 | D:3      | Paralysed by Grinder for 6 turns
  2244 | D:3      | Paralysed by Grinder for 6 turns
  2903 | D:2      | Reached XP level 5. HP: 40/50 MP: 5/5
  3182 | D:2      | Reached skill level 6 in Fighting
  3988 | D:3      | Found a sacrificial altar of Ru.
  4043 | D:3      | HP: 2/50 [worker ant (3)]
  4044 | D:3      | Slain by a worker ant

Action                   |  1- 3 |  4- 6 || total
-------------------------+-------+-------++-------
Melee: War axe           |   187 |   143 ||   330
  Use: Potion            |       |     1 ||     1
  Eat: Chunk             |     2 |     7 ||     9
